 Dungeon Crawl Stone Soup version 0.31.0-32-g396128a36d (webtiles) character file.

Game seed: 374983986687136353

406 Alphaeus the Ruffian (level 6, -12/59 HPs)
             Began as a Troll Shapeshifter on Mar 19, 2024.
             Was a Plaything of Xom.
             Mangled by a gnoll
             ... wielding a +0 flail
              (13 damage)
             ... on level 4 of the Dungeon.
             The game lasted 00:02:46 (2372 turns).

Alphaeus the Ruffian (Troll Shapeshifter)           Turns: 2372, Time: 00:02:46

Health: -12/59     AC:  4    Str: 23 (25) XL:     6   Next: 56%
Magic:  5/5        EV:  9    Int:  3 (6)  God:    Xom [..*...]
Gold:   217        SH:  0    Dex:  6 (9)  Spells: 5/5 levels left

rFire   . .          .
                       - Unarmed
rCold   . . .        (no shield)
rNeg    . . .        a - +0 animal skin
rPois   .            (helmet currently unavailable)
rElec   .            k - melded +2 cloak
rCorr   .            (gloves unavailable)
SInv    .            (boots unavailable)
Will    .....        (no amulet)
Stlth   +            (no ring)
HPRegen 1.09/turn    (no ring)
MPRegen 0.09/turn

%: no passive effects
@: mighty, beast-form
A: beast (slay +2), large, unfitting armour, claws 3, regeneration 1, shaggy fur
1, tough skin 1, antennae 1, wild magic 1
a: Begin Untransformation, Renounce Religion


You were on level 4 of the Dungeon.
You worshipped Xom.
You were a toy of Xom.
You were a hulking beast.
You visited 1 branch of the dungeon, and saw 4 of its levels.

You collected 217 gold pieces.

Inventory:

Armour
 a - a +0 animal skin (worn)
 k - a +2 cloak (melded)
Jewellery
 n - a ring of resist corrosion
Talismans
 c - a beast talisman (active)
 d - a flux talisman
Scrolls
 g - a scroll of immolation {unknown}
 h - 2 scrolls of vulnerability {unknown}
 i - 3 scrolls of teleportation {unknown}
 l - a scroll of enchant weapon {unknown}
 p - 5 scrolls of identify {unknown}
 q - a scroll of enchant armour {unknown}
Potions
 b - a potion of lignification
 o - a potion of degeneration
 r - a potion of berserk rage {unknown}
 s - 2 potions of haste {unknown}
 t - a potion of invisibility {unknown}


   Skills:
 + Level 2.4 Fighting
 - Level 1.5 Dodging
 * Level 5.2 Unarmed Combat
 * Level 4.9 Shapeshifting


You had 5 spell levels left.
You didn't know any spells.
Your spell library contained the following spells:

 Spells                   Type           Power      Damage    Failure   Level
 Lesser Beckoning         Tloc           0%         N/A       75%         2
 Mercury Vapours          Alch/Air       0%         N/A       75%         2
 Gell's Gravitas          Tloc           0%         N/A       92%         3
 Mephitic Cloud           Conj/Alch/Air  0%         N/A       92%         3
 Teleport Other           Tloc           0%         N/A       92%         3
 Freezing Cloud           Conj/Ice/Air   0%         6-21      100%        5


Dungeon Overview and Level Annotations

Branches:
Dungeon (4/15)
 Temple: D:4-7

Altars:
Ru
Xom
The Shining One


Innate Abilities, Weirdness & Mutations

You are a hulking beast.
Your limbs bulge with bestial killing power. (Slay +2)
You are too large for most types of armour.
You have claws for hands.
Your natural rate of healing is unusually fast.
You are covered in fur. (AC +1)
You have tough skin. (AC +1)
You have a pair of small antennae on your head.
Your spells are a little harder to cast, but a little more powerful.


Message History

The gnoll completely misses you.
There are monsters nearby!
You completely miss the gnoll. The gnoll closely misses you. x2
The gnoll hits you with a +0 flail.
There are monsters nearby!
As you read the scroll labelled QYAMMO ADETIA, it crumbles to dust.
You feel aware of your surroundings.
It was a scroll of revelation.
The gnoll barely misses you. The gnoll hits you with a +0 halberd!
The gnoll closely misses you.
You claw the gnoll!
The gnoll is almost dead.
The gnoll hits you with a +0 halberd! The gnoll completely misses you.
The gnoll hits you with a +0 flail!
There are monsters nearby!
You are too injured to fight recklessly!
You are too injured to fight recklessly!
You are too injured to fight recklessly!
This is a scroll of acquirement!
Something appears at your feet! The gnoll hits you with a +0 flail.
The gnoll closely misses you. The gnoll hits you but does no damage.
It was a potion of degeneration.
There was something very wrong with that liquid.
You feel weakened.
You feel dopey.
You feel clumsy. The gnoll hits you with a +0 flail.
The gnoll closely misses you. The gnoll hits you with a +0 club.
You scratch the gnoll.
You kill the gnoll!
The gnoll hits you with a +0 club.
* * * LOW HITPOINT WARNING * * *
The gnoll hits you with a +0 flail!
* * * LOW HITPOINT WARNING * * *
It was a potion of might.
You feel very mighty all of a sudden. The endoplasm hits you.
* * * LOW HITPOINT WARNING * * *
The gnoll hits you with a +0 club.
* * * LOW HITPOINT WARNING * * *
The gnoll hits you with a +0 flail!
You die...
Xom chuckles heartily!

*,,,,,,,,,,,..#.......#######
**
*,*****,*#.###..............#
*, *,*
*,*#.###..........###.####.
,,*
*,,..###...................
*,*
*,*#####..#...#.#.###<####.
*,*****,*##........!..#.###.#
*,
*,,,,,,,*##....>....###.....#
**
***,,,***##....##.#.#########
*,,,* ##...gJh.#.#### *,,,*
#.....gg.#.####**** **
***,,,***#.....#..#.##..,,,*
*,
,,,,,,,,,.........#.##..,,,*
*,
,,,,,,,,,..<...#..#.....,,,*
*,
,,,,,,,,,...##.#..####..,,,*
*,
***,,,***#........####..,,,*
*, *,,,* #####.#########****
*, *,,,********,*
*,,,,,,,,******,


You could see 3 gnolls and an endoplasm.

Vanquished Creatures
  Grinder (D:3)
  A black bear (D:2)
  A sleepcap (D:3)
  A gnoll (D:4)
  A dart slug (D:1)
  4 ribbon worms
  An orc (D:3)
  6 bats
  7 endoplasms
  3 giant cockroaches (D:1)
  5 goblins
  7 hobgoblins
  3 jackals (D:2)
  2 quokkas (D:2)
  2 ball pythons (D:1)
  7 frilled lizards
  8 kobolds
  5 rats
65 creatures vanquished.

Notes
Turn   | Place    | Note
-------+----------+-------------------------------------------
     0 | D:1      | Alphaeus the Troll Shapeshifter began the quest for the
                  | Orb.
     0 | D:1      | Reached XP level 1. HP: 18/18 MP: 0/0
    88 | D:1      | Reached skill level 1 in Fighting
    95 | D:1      | Reached XP level 2. HP: 27/27 MP: 1/1
   903 | D:2      | Reached XP level 3. HP: 33/33 MP: 2/2
  1166 | D:2      | Noticed a black bear
  1375 | D:2      | Killed a black bear
  1376 | D:2      | Reached skill level 4 in Unarmed Combat
  1376 | D:2      | Reached XP level 4. HP: 10/42 MP: 3/3
  1376 | D:2      | Reached XP level 5. HP: 11/49 MP: 4/4
  1589 | D:3      | Found a faded altar of an unknown god.
  1646 | D:3      | Prayed at the altar of an unknown god.
  1646 | D:3      | Became a worshipper of Xom the Random Number God
  1703 | D:3      | Identified the +3 plate armour of Disappointment {Fly rCorr
                  | Int-3 Stlth+}
  1740 | D:3      | XOM: divination: magic mapping
  1891 | D:3      | Noticed Grinder
  1895 | D:3      | Killed Grinder
  1896 | D:3      | Reached skill level 5 in Unarmed Combat
  1896 | D:3      | Reached XP level 6. HP: 39/58 MP: 5/5
  1973 | D:3      | Gained mutation: You possess an exceptional clarity of
                  | mind. [potion of mutation]
  1973 | D:3      | Gained mutation: You have a pair of small antennae on your
                  | head. [potion of mutation]
  1973 | D:3      | Lost mutation: You possess an exceptional clarity of mind.
                  | [potion of mutation]
  1973 | D:3      | Gained mutation: Your spells are a little harder to cast,
                  | but a little more powerful. [potion of mutation]
  2099 | D:3      | Found a glowing golden altar of the Shining One.
  2099 | D:3      | Found a sacrificial altar of Ru.
  2191 | D:3      | XOM: silly message
  2369 | D:4      | Identified a scroll of acquirement
  2369 | D:4      | Acquired the +1 robe of Vines {NoPotionHeal Regen++++}
  2369 | D:4      | Found the +1 robe of Vines {NoPotionHeal Regen++++}
  2372 | D:4      | HP: 1/59 [gnoll/+0 club (5)]
  2372 | D:4      | Mangled by a gnoll

Illustrated notes

Levels and vault maps discovered:
D:1:      minmay_arrival_up_and_down, layout_loops_corners,
          minmay_misc_feat_columns, st_stairs_7
D:2:      layout_loops_cross, minmay_ruptured
D:3:      layout_basic, gammafunk_temple_overflow_elements,
          hellmonk_ecumenical_altar_inner_sanctum, hellmonk_no_cap, uniq_grinder
D:4:      layout_loops_cross, uniq_robin, uniq_pikel

Skill      XL: |  1  2  3  4  5 |
---------------+----------------+-----
Fighting       | 1 2 |  2.4
Unarmed Combat | 4 5 |  5.2
Shapeshifting  | 4 |  4.9
Dodging        | |  1.5

Action                     |  1- 3 |  4- 6 || total
---------------------------+-------+-------++-------
  Melee: Unarmed           |    99 |    46 ||   145
         Punch             |       |     2 ||     2
Ability: Begin Untransform |     1 |       ||     1
    Use: Potion            |       |     4 ||     4
         Scroll            |       |     2 ||     2
   Stab: Sleeping          |       |     1 ||     1
 Armour: Animal skin       |    83 |    35 ||   118
  Dodge: Dodged            |    45 |    24 ||    69
   Form: Beast             |     1 |       ||     1
